 Dungeon Crawl Stone Soup version 0.28.0-45-g0d030f2227 (webtiles) character file.

Game seed: 940564473107266424

5791 L33tCrusader the Grappler (level 10, -6/141 HPs)
             Began as a Troll Berserker on Apr 7, 2022.
             Was a High Priest of Trog.
             Mangled by a green ugly thing (17 damage)
             ... on level 8 of the Dungeon.
             The game lasted 00:41:15 (6824 turns).

L33tCrusader the Grappler (Troll Berserker)         Turns: 6824, Time: 00:41:16

Health: -6/141     AC: -4    Str: 31    XL:     10   Next: 50%
Magic:  9/9        EV: 12    Int:  3    God:    Trog [*****.]
Gold:   413        SH:  0    Dex: 15    Spells: 9/9 levels left

rFire   x . .      SeeInvis .     - Unarmed
rCold   + . .      Faith    .   o - orb {*Rage}
rNeg    . . .      Spirit   .   a - +0 animal skin
rPois   .          Reflect  .   (helmet restricted)
rElec   .          Harm     .   (no cloak)
rCorr   .          Rampage  .   (gloves unavailable)
Will    .....      Rage     20% (boots unavailable)
Stlth   ..........              (no amulet)
HPRegen 1.13/turn               e - ring of ice
MPRegen 0.11/turn               m - +6 ring of dexterity

@: confused, berserking (expiring), lethally poisoned (-6 -> -47), corroded,
very quick
A: large, unfitting armour, claws 3, regeneration 1, shaggy fur 1, tough skin 1
a: Renounce Religion, Berserk, Trog's Hand, Brothers in Arms


You were on level 8 of the Dungeon.
You worshipped Trog.
Trog was extremely pleased with you.
You visited 1 branch of the dungeon, and saw 8 of its levels.

You collected 413 gold pieces.

Inventory:

Missiles
 q - a throwing net (quivered)
Armour
 a - a +0 animal skin (worn)
 o - an orb of wrath (worn)
Jewellery
 e - a ring of ice (left claw)
 m - a +6 ring of dexterity (right claw)
 x - a +6 ring of strength
Wands
 p - a wand of iceblast (29)
 y - a wand of mindburst (6)
Scrolls
 c - a scroll of summoning
 i - 4 scrolls of teleportation
 r - a scroll of fog
 s - a scroll of enchant weapon
 t - 3 scrolls of identify
 w - 2 scrolls of holy word
Potions
 b - 2 potions of flight
 d - 2 potions of degeneration
 f - 8 potions of attraction
 g - 2 potions of haste {unknown}
 h - 3 potions of heal wounds {unknown}
 j - 3 potions of lignification {unknown}
 k - a potion of mutation
 l - a potion of invisibility {unknown}
 n - a potion of brilliance {unknown}
 u - a potion of curing
 v - a potion of might {unknown}


   Skills:
 + Level 4.4 Fighting
 + Level 5.3 Dodging
 + Level 2.6 Stealth
 * Level 13.5 Unarmed Combat


You had 9 spell levels left.
You didn't know any spells.
Your spell library was empty.

Dungeon Overview and Level Annotations

Branches:
Dungeon (8/15)             Temple (0/1) D:7
   Lair: D:8-11

Altars:
Nemelex Xobeh
Sif Muna
Vehumet
Wu Jian
The Shining One

Shops:
D:4 (   D:5 *   D:8 :

Portals:
Abyss: D:5


Innate Abilities, Weirdness & Mutations

You are too large for most types of armour.
You have claws for hands.
Your natural rate of healing is unusually fast.
You are covered in fur. (AC +1)
You have tough skin. (AC +1)


Message History

You are poisoned.
The green ugly thing poisons you!
The brown ugly thing basks in the mutagenic energy from its kin and changes!
You feel very sick.
You mangle the brown ugly thing!!
The brown ugly thing is moderately wounded.
You feel sick.
You bump into the rock wall.
You feel very sick. The green ugly thing trunk-slaps you!
You are more poisoned.
The green ugly thing poisons you! The brown ugly thing bites you.
You are splashed with acid!
You bump into the rock wall.
You feel a strong urge to attack something.
You feel extremely sick. The green ugly thing trunk-slaps you!
You scratch the red ugly thing.
The red ugly thing is lightly wounded.
You feel very sick.
The glowing orange brain blinks!
The brown ugly thing bites you.
You are splashed with acid!
The red ugly thing basks in the mutagenic energy from its kin and changes!
You are too berserk!
You closely miss the brown ugly thing.
The brown ugly thing is moderately wounded.
You feel very sick.
You closely miss the green ugly thing.
The green ugly thing is moderately wounded.
You feel very sick. The green ugly thing trunk-slaps you!
* * * LOW HITPOINT WARNING * * *
You are more poisoned.
The green ugly thing poisons you! The brown ugly thing barely misses you.
You mangle the brown ugly thing!!
The brown ugly thing is almost dead.
* * * LOW HITPOINT WARNING * * *
You feel extremely sick. The green ugly thing trunk-slaps you!
You die...

#.#.#...#
#.###............
#.#.#.#.# #.#
#.###..###..# ....[.#.#
##.# #.#.#..#.#...
################..#
#.#.#..#.#..# #
§#....#...# #............
# #.#.#.#...#
#.###..###..# #
.#....'...###.#......#..#
§!.#..'.......###..###..#
.#§...'u@###..)..........
#.#!#.#uu# #..###..#.#..#
!#.=..#.G# #..#....#.#..#
#######.# #..###..###.)#
### ##.........)).
#####........ ######.#.
#.#. #.#.


You could see 3 ugly things and a glowing orange brain (misshapen).

Vanquished Creatures
  Pikel (D:4)
  The ghost of Kaptain the Magician, a novice DEEE (D:5)
  Maurice (D:8)
  Prince Ribbit (D:7)
  Sigmund (D:2)
  A shadow (D:7)
  Menkaure (D:5)
  4 steam dragons
  A small abomination (D:5)
  3 water moccasins
  Duvessa (D:4)
  Pargi (D:4)
  A black bear (D:5)
  2 orc warriors
  An ice beast (D:6)
  5 ogres
  3 centaurs
  A phantom (D:6)
  3 bullfrogs (D:7)
  2 scorpions
  Dowan (D:4)
  3 killer bees (D:7)
  6 wights
  An electric eel (D:6)
  A howler monkey (D:6)
  A centaur zombie (D:6)
  A quasit (D:5)
  A bullfrog zombie (D:6)
  2 jellies (D:6)
  3 orc priests
  Crazy Yiuf (D:4)
  A bullfrog skeleton (D:6)
  4 hounds
  Natasha (twice) (D:2)
  Terence (D:3)
  3 iguanas (D:7)
  2 orc wizards
  A howler monkey zombie (D:8)
  Robin (D:3)
  4 gnolls
  4 adders
  2 howler monkey skeletons
  3 white imps
  An ufetubus (D:4)
  A worm (D:3)
  A dart slug (D:1)
  17 orcs
  12 endoplasms
  3 giant cockroaches
  15 goblins
  16 hobgoblins
  8 jackals (D:1)
  2 kobolds
  2 quokkas
  4 ball pythons
  5 bats
  6 frilled lizards
  7 rats
184 creatures vanquished.

Vanquished Creatures (others)
  A sky beast (D:7)
1 creature vanquished.

Grand Total: 185 creatures vanquished

Notes
Turn   | Place    | Note
-------+----------+-------------------------------------------
     0 | D:1      | L33tCrusader the Troll Berserker began the quest for the
                  | Orb.
     0 | D:1      | Reached XP level 1. HP: 22/22 MP: 0/0
    88 | D:1      | Reached XP level 2. HP: 23/29 MP: 1/1
   663 | D:1      | Reached XP level 3. HP: 36/36 MP: 2/2
   663 | D:1      | Reached ** piety under Trog
  1322 | D:2      | Noticed Natasha
  1330 | D:2      | Killed Natasha
  1331 | D:2      | Reached skill level 4 in Unarmed Combat
  1331 | D:2      | Reached XP level 4. HP: 26/44 MP: 3/3
  1756 | D:2      | Noticed Natasha
  1769 | D:2      | Killed Natasha
  1770 | D:2      | Reached XP level 5. HP: 52/52 MP: 4/4
  2040 | D:2      | Noticed Sigmund
  2064 | D:2      | Killed Sigmund
  2065 | D:2      | Reached skill level 6 in Unarmed Combat
  2065 | D:2      | Reached XP level 6. HP: 16/59 MP: 5/5
  2473 | D:3      | Noticed Robin
  2482 | D:3      | Reached *** piety under Trog
  2504 | D:3      | Killed Robin
  2524 | D:3      | Found a faded altar of an unknown god.
  2734 | D:3      | Noticed Terence
  2746 | D:3      | Killed Terence
  3050 | D:4      | Found an ornate altar of the Wu Jian Council.
  3057 | D:4      | Noticed Pargi
  3065 | D:4      | Noticed Duvessa
  3071 | D:4      | Killed Pargi
  3073 | D:4      | Noticed Dowan
  3079 | D:4      | Killed Duvessa
  3080 | D:4      | Reached skill level 7 in Unarmed Combat
  3080 | D:4      | Reached XP level 7. HP: 20/67 MP: 6/6
  3145 | D:4      | Found a glowing golden altar of the Shining One.
  3148 | D:4      | Noticed Pikel
  3162 | D:4      | Killed Pikel
  3163 | D:4      | Reached skill level 8 in Unarmed Combat
  3163 | D:4      | Reached XP level 8. HP: 38/75 MP: 7/7
  3275 | D:4      | Found Poabbacw's Weapon Emporium.
  3286 | D:4      | Found a shimmering blue altar of Sif Muna.
  3679 | D:4      | Found a runed translucent door.
  3680 | D:4      | Noticed Crazy Yiuf
  3686 | D:4      | Killed Crazy Yiuf
  3732 | D:4      | Killed Dowan
  3798 | D:4      | Reached **** piety under Trog
  3935 | D:5      | Entered Level 5 of the Dungeon
  3935 | D:5      | Found Daruacw's General Store.
  4023 | D:5      | Noticed Menkaure
  4031 | D:5      | Killed Menkaure
  4032 | D:5      | Reached skill level 9 in Unarmed Combat
  4254 | D:5      | Found a transporter.
  4274 | D:5      | Found a transporter.
  4356 | D:5      | Reached skill level 1 in Stealth
  4481 | D:5      | Noticed Kaptain's ghost (novice DEEE)
  4495 | D:5      | Killed Kaptain's ghost
  4496 | D:5      | Reached skill level 10 in Unarmed Combat
  4503 | D:5      | Reached XP level 9. HP: 62/84 MP: 8/8
  4544 | D:5      | Found a one-way gate to the infinite horrors of the Abyss.
  4647 | D:6      | Found the +9 heavy crossbow "Sniper" {vorpal, Acc+∞ SInv}
  4819 | D:6      | Reached skill level 11 in Unarmed Combat
  5075 | D:6      | Found a radiant altar of Vehumet.
  5094 | D:6      | Found a sparkling altar of Nemelex Xobeh.
  5338 | D:7      | Reached ***** piety under Trog
  5380 | D:7      | Reached skill level 12 in Unarmed Combat
  5485 | D:7      | Reached skill level 5 in Dodging
  5722 | D:7      | Reached XP level 10. HP: 92/92 MP: 9/9
  5813 | D:7      | Found a staircase to the Ecumenical Temple.
  5953 | D:7      | Noticed Prince Ribbit
  5969 | D:7      | Killed Prince Ribbit
  5979 | D:7      | Reached skill level 13 in Unarmed Combat
  6408 | D:8      | Found a runed translucent gate.
  6408 | D:8      | Found a runed translucent gate.
  6413 | D:8      | Found a runed translucent gate.
  6414 | D:8      | Noticed a green ugly thing
  6414 | D:8      | Noticed a white ugly thing
  6416 | D:8      | Noticed a glowing orange brain
  6418 | D:8      | Noticed a white ugly thing
  6449 | D:8      | Found Iwor's Book Shop.
  6583 | D:8      | Noticed Maurice
  6591 | D:8      | Received a gift from Trog
  6599 | D:8      | Killed Maurice
  6824 | D:8      | Mangled by a green ugly thing

Illustrated notes

Levels and vault maps discovered:
D:1:      dpeg_arrival_brainrot, layout_basic, serial_rivers,
          chequers_serial_rivers_marsh, chequers_serial_rivers_small_b,
          chequers_serial_rivers_small_a, chequers_serial_rivers_room_b,
          chequers_serial_rivers_micro_b, chequers_serial_rivers_micro_e,
          nrook_mini_vaults
D:2:      layout_loops_corners, uniq_sigmund, uniq_natasha
D:3:      layout_basic, chequers_ecumenical_altar_simple_redux, uniq_robin,
          uniq_terence
D:4:      layout_gridville, mainiacjoe_overflow_cross_hatched,
          mainiacjoe_overflow_chevrons,
          mainiacjoe_overflow_concentric_impassable, serial_shops, shop,
          uniq_duvessa, uniq_pargi, uniq_pikel, uniq_crazy_yiuf_cottage
D:5:      layout_rooms, serial_shops, nicolae_diamond_shop,
          gammafunk_ghost_abyssal_escape, minmay_misc_feat_rows,
          grunt_ministairs_11, nrook_loot_triangle, grunt_decor_arrowhead,
          uniq_menkaure
D:6:      layout_rooms, mainiacjoe_overflow_catch_the_wave, grunt_ministairs_12
D:7:      layout_loops_ring, minmay_temple_entry_grid,
          minmay_fractal_squares_gapless_5, uniq_prince_ribbit1
D:8:      layout_basic, ploomutoo_gammafunk_ghost_potion_laboratory,
          serial_shops, nicolae_shop_advertising_works
          [nicolae_subvault_shop_adworks], minmay_misc_feat_nine_boxes,
          corexii_checkpoint_b, item_on_display_b, uniq_maurice

Skill      XL: |  1  2  3  4  5  6  7  8  9 10 |
---------------+-------------------------------+-----
Dodging        | 3 4 5 |  5.3
Unarmed Combat | 4 6 7 8 10 12 13 | 13.5
Fighting       | 3 4 |  4.4
Stealth        | 1 2 |  2.6

Action                   |  1- 3 |  4- 6 |  7- 9 | 10-12 || total
-------------------------+-------+-------+-------+-------++-------
Melee: Unarmed           |    80 |   148 |   229 |    69 ||   526
       Punch             |     1 |     6 |     1 |       ||     8
Invok: Berserk           |       |     2 |     3 |     2 ||     7
  Use: Scroll            |       |     4 |     8 |     3 ||    15
       Potion            |       |     2 |     1 |       ||     3
 Stab: Sleeping          |     1 |       |     4 |     1 ||     6
       Distracted        |       |       |     1 |       ||     1
Armor: Animal skin       |    35 |    73 |    39 |     6 ||   153
Dodge: Dodged            |    50 |   103 |   100 |    27 ||   280
